 Dungeon Crawl Stone Soup version 0.31-a0-188-g5e087ee2ca (webtiles) character file.

Game seed: 3763034657426554208

108 qw the Skirmisher (level 4, -1/25 HPs)
             Began as a Deep Elf Hunter on June 22, 2023.
             Slain by a water moccasin (8 damage)
             ... on level 3 of the Dungeon.
             The game lasted 00:00:46 (1902 turns).

qw the Skirmisher (Deep Elf Hunter)                 Turns: 1902, Time: 00:00:46

Health: -1/25      AC:  3    Str: 10    XL:     4   Next: 58%
Magic:  6/6        EV: 12    Int: 14    God:
Gold:   127        SH:  0    Dex: 18    Spells: 3/3 levels left

rFire   . . .        Y - +0 shortbow
rCold   . . .        (shield currently unavailable)
rNeg    . . .        c - +0 leather armour
rPois   .            (no helmet)
rElec   .            (no cloak)
rCorr   .            (no gloves)
SInv    .            (no boots)
Will    .....        (no amulet)
Stlth   ++           (no ring)
HPRegen 0.24/turn    (no ring)
MPRegen 0.10/turn

%: no passive effects
@: lethally poisoned (-1 -> -5)
A: no striking features
a: no special abilities


You were on level 3 of the Dungeon.
You visited 1 branch of the dungeon, and saw 3 of its levels.

You collected 127 gold pieces.


   Skills:
 - Level 1.5 Fighting
 + Level 8.0 Ranged Weapons
 - Level 2.4 Dodging
 - Level 1.2 Stealth


You had 3 spell levels left.
You didn't know any spells.
Your spell library was empty.

Inventory:

Hand Weapons
 Y - a +0 shortbow (weapon)
Armour
 c - a +0 leather armour (worn)
 f - a +0 pair of gloves
Scrolls
 e - a scroll of identify
 g - a scroll of noise {unknown}
 h - a scroll of teleportation {unknown}
 i - a scroll of blinking {unknown}
Potions
 a - a potion of haste {unknown}
 b - 2 potions of curing {unknown}
 d - 3 potions of heal wounds {unknown}
 j - a potion of might {unknown}
 k - a potion of resistance {unknown}
 l - a potion of lignification {unknown}

Dungeon Overview and Level Annotations

Branches:
Dungeon (3/15)

Altars:

Annotations:
D:3 3 runed translucent doors, qw's ghost, weakling DEHu


Message History

Enter note:
Enter note:
Enter note: A water moccasin and a worm come into view.
Enter note:
Enter note:
Enter note: You shoot an arrow.
The arrow hits the worm.
The worm is lightly wounded.
You shoot an arrow. The arrow barely misses the worm.
You shoot an arrow. The arrow hits the worm!
The worm is heavily wounded.
You shoot an arrow. The arrow hits the worm!
You kill the worm!
You shoot an arrow. The arrow hits the water moccasin!
The water moccasin is moderately wounded.
The water moccasin barely misses you. The water moccasin bites you.
You shoot an arrow. The arrow misses the water moccasin.
The water moccasin closely misses you.
You shoot an arrow. The arrow misses the water moccasin.
The water moccasin bites you. x2
You shoot an arrow.
The arrow barely misses the water moccasin.
The water moccasin barely misses you.
You shoot an arrow. The arrow misses the water moccasin.
The water moccasin bites you.
You shoot an arrow. The arrow hits the water moccasin!
The water moccasin is heavily wounded.
The water moccasin bites you.
You are poisoned.
The water moccasin poisons you!
The water moccasin completely misses you.
You shoot an arrow. The arrow hits the water moccasin.
The water moccasin is severely wounded.
You feel sick. The water moccasin bites you!
You shoot an arrow.
The arrow hits the water moccasin but does no damage.
The water moccasin is severely wounded.
You feel sick. The water moccasin misses you. The water moccasin bites you!
You die...

#########
#.......#####
#######............
#.@...............#
#S#####)####.......
#. #.# #......# #.
#.# #......# #. ###
#......# #.
##+#...# #.
##.#...# #.
+....... #..#....


You could see a water moccasin.

Vanquished Creatures
  An iguana (D:2)
  An adder (D:3)
  3 worms
  7 ball pythons
  7 endoplasms
  2 giant cockroaches
  8 hobgoblins
  3 quokkas
  7 bats
  5 frilled lizards
  6 goblins
  7 kobolds
  4 rats (D:1)
61 creatures vanquished.

Notes
Turn   | Place    | Note
-------+----------+-------------------------------------------
     0 | D:1      | qw the Deep Elf Hunter began the quest for the Orb.
     0 | D:1      | Reached XP level 1. HP: 12/12 MP: 3/3
     0 | D:1      | 0 ||| qw: Version: 0.3-a-9-g12657ce
     0 | D:1      | 0 ||| qw: Game counter: 2902
     0 | D:1      | 0 ||| qw: Always use a shield: true
     0 | D:1      | 0 ||| qw: God list: Okawaru
     0 | D:1      | 0 ||| qw: Allow faded altars: false
     0 | D:1      | 0 ||| qw: Do Orc after D:15 true
     0 | D:1      | 0 ||| qw: Do second Lair branch before Depths: true
     0 | D:1      | 0 ||| qw: Lair rune preference: random
     0 | D:1      | 0 ||| qw: Plans: Normal
     0 | D:1      | 0 ||| PLANNING D:1-11
   145 | D:1      | Reached skill level 6 in Ranged Weapons
   145 | D:1      | Reached XP level 2. HP: 16/16 MP: 4/4
   357 | D:1      | Found a faded altar of an unknown god.
   379 | D:1      | Reached XP level 3. HP: 20/20 MP: 5/5
   555 | D:1      | 555 ||| READING scroll labelled YNAHAPP CEIHO.
   556 | D:1      | 556 ||| READING scroll labelled UCWAOFO BUPRU.
   557 | D:1      | 557 ||| READING scroll labelled MIAFAY EQURURCH.
   558 | D:1      | 558 ||| READING scroll labelled UNOROUZ ROSKUC.
   559 | D:1      | 559 ||| DROPPING scroll of butterflies.
   779 | D:2      | HP: 5/20 [iguana (4)]
   779 | D:2      | HP: 2/20 [iguana (3)]
   784 | D:2      | Reached skill level 7 in Ranged Weapons
   865 | D:2      | Reached XP level 4. HP: 25/25 MP: 6/6
  1335 | D:2      | 1335 ||| READING scroll labelled CURYZUMUGH.
  1605 | D:3      | Found a runed translucent gate.
  1740 | D:3      | Found a runed translucent gate.
  1741 | D:3      | Found a runed translucent gate.
  1742 | D:3      | Noticed qw's ghost (weakling DEHu)
  1743 | D:3      | Noticed a kobold brigand
  1884 | D:3      | Reached skill level 8 in Ranged Weapons
  1890 | D:3      | Noticed a water moccasin
  1902 | D:3      | Slain by a water moccasin

Levels and vault maps discovered:
D:1:      dpeg_arrival_connections, layout_basic, basic_ecumenical_altar,
          nicolae_figureground_pulse
D:2:      layout_basic, serial_forest, infiniplex_forest_straight_2,
          infiniplex_forest_clump_long, infiniplex_forest_clump_cross,
          infiniplex_forest_clump_medium, infiniplex_forest_clump_curved,
          infiniplex_forest_join, st_stairs_14, minmay_tripent
D:3:      kennysheep_big_flooded_room, layout_basic,
          gammafunk_ghost_nasty_kobolds, grunt_ministairs_5,
          chequers_serial_rivers_room_a

Skill      XL: |  1  2  3  4 |
---------------+-------------+-----
Ranged Weapons | 6 7 8 |  8.0
Fighting       | |  1.5
Dodging        | |  2.4
Stealth        | |  1.2

Action                     |  1- 3 |  4- 6 || total
---------------------------+-------+-------++-------
   Fire: Shortbow          |   106 |    78 ||   184
    Use: Scroll            |     4 |     1 ||     5
 Armour: Leather armour    |     8 |     1 ||     9
  Dodge: Dodged            |    19 |     8 ||    27

Table legend:
 A = Non-vault XP
 B = Vault XP
 C = Vault XP percentage of total XP
 D = Non-vault monster count
 E = Vault monster count
 F = Vault count percentage of total count
                 A         B        C        D         E       F
            +---------+---------+-------+---------+---------+-------
      Total |     136 |      19 |  12.3 |      56 |       5 |   8.2
            +---------+---------+-------+---------+---------+-------
        D:1 |      46 |       0 |   0.0 |      29 |       0 |   0.0
        D:2 |      66 |       5 |   7.0 |      15 |       3 |  16.7
        D:3 |      24 |      14 |  36.8 |      12 |       2 |  14.3
            +---------+---------+-------+---------+---------+-------
